AoeStats
← K

Lombardia

508911522Analyzed
3v3 RM · 9d ago on Sep 24, 2026· 37m 33s· 6 players
Game mode
Random Map
Map size
Normal (6 player)
Population
200
Speed
Normal
Resources
Standard
Victory
Conquest
Starting age
Dark Age
Ending age
Imperial Age
RankedLock teamsTeams togetherTeam positionsShared explorationLock speedFull tech treeHidden civsTurbo modeCheats
Victory
Defeat
🇬🇧 Chinese · United Kingdom
1212
+8
🇨🇳 Jurchens · China
1094
+19
🇨🇳 Romans · China
921
+18
🇩🇪 Slavs · Germany
1011
-14
🇨🇱 Lithuanians · Chile
990
-12
🇧🇾 Magyars · Belarus
990
-12
Laying Down
7:17 Loom
10:32 Feudal Age
16:09 Castle Age
15:29 Double-Bit Axe
15:26 Horse Collar
20:58 Gold Mining
21:30 Stone Mining
22:04 Padded Archer Armor
25:12 Town Watch
26:04 Wheelbarrow
25:47 Leather Archer Armor
25:22 Fletching
27:06 Gold Shaft Mining
30:43 Imperial Age
28:33 Fortified Wall
28:19 Murder Holes
28:46 Bow Saw
28:36 Bodkin Arrow
30:57 Forging
30:53 Scale Barding Armor
31:14 Ballistics
31:17 Heavy Plow
31:47 Caravan
32:18 Coinage
33:22 Two-Man Saw
34:46 Chemistry
34:22 Ring Archer Armor
34:27 Iron Casting
34:13 Chain Barding Armor
34:06 Heavy Cavalry Archer
34:34 Elite Boyar
Ezer
0:34 Loom
12:37 Feudal Age
15:10 Double-Bit Axe
15:18 Gold Mining
15:11 Horse Collar
15:25 Stone Mining
21:25 Castle Age
25:54 Wheelbarrow
25:51 Town Watch
29:03 Hand Cart
30:12 Masonry
30:27 Ballistics
30:09 Padded Archer Armor
30:51 Heavy Plow
31:04 Bow Saw
31:39 Gold Shaft Mining
32:02 Husbandry
32:13 Bloodlines
31:56 Fletching
33:30 Leather Archer Armor
38:13 Imperial Age
36:31 Bodkin Arrow
Huidaveloz
3:23 Loom
12:58 Feudal Age
14:02 Town Watch
17:24 Castle Age
16:01 Double-Bit Axe
16:15 Horse Collar
16:49 Gold Mining
16:53 Stone Mining
19:01 Fervor
22:43 Bow Saw
23:14 Heavy Plow
25:02 Husbandry
28:37 Scale Barding Armor
32:42 Imperial Age
32:24 Stone Shaft Mining
32:18 Bloodlines
32:23 Forging
33:38 Chain Barding Armor
33:09 Fletching
SAOWEN
11:54 Feudal Age
10:41 Loom
15:55 Castle Age
14:12 Double-Bit Axe
15:07 Horse Collar
19:58 Bow Saw
21:01 Heavy Plow
24:47 Wheelbarrow
26:15 Hand Cart
26:34 Gold Mining
27:46 Town Watch
28:11 Scale Barding Armor
28:18 Forging
32:37 Imperial Age
31:18 Gold Shaft Mining
30:39 Stone Mining
31:00 Bloodlines
32:15 Husbandry
32:38 Chain Barding Armor
33:56 Conscription
32:58 Elite Iron Pagoda
34:20 Plate Barding Armor
35:33 Conscription
35:51 Iron Casting
打爆你的金针菇
11:05 Feudal Age
15:51 Horse Collar
16:00 Double-Bit Axe
18:12 Stone Mining
21:02 Castle Age
22:24 Bow Saw
23:21 Man-at-Arms
24:45 Heavy Plow
25:36 Wheelbarrow
25:23 Gold Mining
25:08 Long Swordsman
25:52 Loom
30:42 Imperial Age
28:58 Hand Cart
29:47 Forging
29:38 Scale Mail Armor
31:18 Squires
32:31 Gold Shaft Mining
33:08 Crop Rotation
32:01 Legionary
33:26 Iron Casting
38:19 Blast Furnace
37:35 Chain Mail Armor
K
10:41 Feudal Age
13:26 Double-Bit Axe
16:13 Castle Age
17:35 Bow Saw
19:07 Horse Collar
21:16 Gold Mining
21:29 Pikeman
27:04 Heavy Plow
29:58 Imperial Age
27:13 Loom
28:04 Wheelbarrow
27:47 Squires
27:51 Town Watch
28:57 Gold Shaft Mining
29:06 Forging
28:57 Scale Mail Armor
29:22 Hand Cart
30:16 Halberdier
31:56 Iron Casting
31:36 Chain Mail Armor
31:30 Capped Ram
33:00 Capped Ram
35:22 Blast Furnace
33:52 Siege Ram
36:10 Stone Mining
38:38 Two-Man Saw
Connection lost

Rejoining the realm…

Still unreachable

The connection could not be restored.

Session expired

The server has moved on; the page needs a fresh start.